 Dungeon Crawl Stone Soup version 0.27-a0-1555-g0e7b3fb1d2 (webtiles) character file.

Game seed: 2192499010189359641

11174 SkiChan the Fighter (level 11, -8/102 HPs)
             Began as a Minotaur Fighter on July 14, 2021.
             Was the Champion of Okawaru.
             Mangled by a catoblepas (10 damage)
             ... while petrified by a catoblepas
             ... on level 10 of the Dungeon.
             The game lasted 00:15:47 (9108 turns).

SkiChan the Fighter (Minotaur Fighter)              Turns: 9108, Time: 00:15:47

Health: -8/102     AC: 16    Str: 35    XL:     11   Next: 45%
Magic:  13/13      EV:  2    Int:  5    God:    Okawaru [******]
Gold:   531        SH:  0    Dex: 11    Spells: 10/10 levels left

rFire    . . .     SeeInvis .   G - +5 battleaxe
rCold    . . .     Faith    .   (shield currently unavailable)
rNeg     + + +     Spirit   .   y - +1 plate armour
rPois    ∞         Reflect  .   (helmet restricted)
rElec    +         Harm     .   (no cloak)
rCorr    .         Rampage  .   (no gloves)
Will     .....                  z - +0 pair of boots
Stlth    ..........             (no amulet)
HPRegen  1.27/turn              g - +6 ring of strength
MPRegen  0.13/turn              D - ring "Yhucsa" {rElec Str+6}

@: petrified, studying Dodging
A: horns 2, retaliatory headbutt, deterioration 1, regeneration 1, wild magic 1
a: Renounce Religion, Heroism, Finesse


You were on level 10 of the Dungeon.
You worshipped Okawaru.
Okawaru was exalted by your worship.
You visited 2 branches of the dungeon, and saw 11 of its levels.
You also visited: Sewer and Ossuary.

You collected 1565 gold pieces.
You spent 1034 gold pieces at shops.

Inventory:

Hand Weapons
 G - a +5 battleaxe (weapon)
 H - a +4 dire flail
 J - a +4 mace of freezing
 L - a +2 shortbow of freezing
 N - a +0 arbalest
Missiles
 e - 2 silver javelins
 h - 86 poisoned darts (quivered)
 o - 9 curare-tipped darts
 r - 85 bolts
 M - 175 arrows
Armour
 c - a +0 kite shield
 s - the +0 chain mail of the Soldier {Regen+ SInv}
   (You bought it in a shop on level 2 of the Dungeon)

   SInv:      It lets you see invisible.
   Regen:     It increases your rate of health regeneration.
 y - a +1 plate armour (worn)
 z - a +0 pair of boots (worn)
Jewellery
 a - a ring of positive energy
 g - a +6 ring of strength (left hand)
 t - a ring of resist corrosion
 D - the ring "Yhucsa" (right hand) {rElec Str+6}
   (You bought it in a shop on level 2 of the Dungeon)

   [ring of strength]

   Str:       It affects your strength (+6).
   rElec:     It insulates you from electricity.
Wands
 l - a wand of iceblast (12)
 K - a wand of digging (4)
Scrolls
 b - a scroll of vulnerability {unknown}
 f - 4 scrolls of teleportation
 j - 3 scrolls of amnesia
 q - 2 scrolls of enchant armour
 u - 3 scrolls of fear
 w - a scroll of enchant weapon
 x - a scroll of holy word
 I - a scroll of identify
Potions
 d - a potion of might
 i - a potion of curing {unknown}
 k - 2 potions of magic
 m - 3 potions of flight
 n - 2 potions of lignification
 A - a potion of invisibility
 B - a potion of resistance
 C - a potion of brilliance
 E - 2 potions of degeneration
 F - 2 potions of heal wounds


   Skills:
 * Level 11.4 Fighting
 * Level 11.2(12.1) Axes
 + Level 7.6(10.5) Maces & Flails
 * Level 9.5 Armour
 + Level 8.5 Shields
 + Level 5.2 Invocations


You had 10 spell levels left.
You didn't know any spells.
Your spell library contained the following spells:

 Spells                   Type           Power      Damage    Failure   Level
 Foxfire                  Conj/Fire      0%         2x1d4     98%         1
 Sandblast                Erth           0%         2d4       98%         1
 Corpse Rot               Necr/Air       N/A        N/A       99%         2
 Passwall                 Tmut/Erth      0%         N/A       99%         2
 Conjure Flame            Conj/Fire      0%         6-21      100%        3
 Gell's Gravitas          Tloc           0%         N/A       100%        3
 Ignite Poison            Fire/Tmut/Pois 0%         N/A       100%        3
 Inner Flame              Hex/Fire       0%         N/A       100%        3
 Teleport Other           Tloc           0%         N/A       100%        3
 Dispel Undead            Necr           0%         3d6       100%        4
 Sticky Flame             Conj/Fire      0%         2d3       100%        4
 Lee's Rapid Deconstruct  Erth           0%         3d5*      100%        5
 Summon Forest            Summ/Tloc      0%         N/A       100%        5
 Death Channel            Necr           0%         N/A       100%        6
 Dispersal                Tloc           0%         N/A       100%        6
 Eringya's Noxious Bog    Tmut/Pois      0%         N/A       100%        6
 Summon Hydra             Summ           0%         N/A       100%        7


Dungeon Overview and Level Annotations

Branches:
Dungeon (10/15)            Temple (1/1) D:4           Sewer (visited)
Ossuary (visited)
   Lair: D:8-11         Orc: D:9-12

Altars:
Ashenzari
Cheibriados
Dithmenos
Elyvilon
Fedhas
Gozag
Hepliaklqana
Kikubaaqudgha
Makhleb
Nemelex Xobeh
Okawaru
Qazlal
Ru
Sif Muna
Trog
Uskayaw
Vehumet
Wu Jian
Xom
Yredelemnul
Zin
The Shining One
Lugonu

Shops:
D:2 *[=*


Innate Abilities, Weirdness & Mutations

You have a pair of horns on your head.
You reflexively headbutt those who attack you in melee.
Your body sometimes deteriorates upon taking damage.
Your natural rate of healing is unusually fast.
Your spells are a little harder to cast, but a little more powerful.


Message History

The catoblepas breathes a plume of calcifying dust at you.
The blast of calcifying dust hits you. The catoblepas gores you!
The catoblepas breathes a plume of calcifying dust at you.
The blast of calcifying dust hits you but does no damage.
You are engulfed in calcifying dust.
The catoblepas gores you but does no damage.
You are engulfed in calcifying dust.
The catoblepas breathes a plume of calcifying dust at you.
The blast of calcifying dust hits you but does no damage.
You are engulfed in calcifying dust.
The catoblepas breathes a plume of calcifying dust at you.
The blast of calcifying dust hits you but does no damage.
You are engulfed in calcifying dust.
The catoblepas gores you!
You turn to flesh and can move again.
The catoblepas breathes a plume of calcifying dust at you.
The blast of calcifying dust hits you but does no damage.
The catoblepas breathes a plume of calcifying dust at you.
The blast of calcifying dust hits you but does no damage.
You slash the catoblepas!
The catoblepas is severely wounded.
You are engulfed in calcifying dust.
You are slowing down.
The catoblepas breathes a plume of calcifying dust at you.
The blast of calcifying dust hits you but does no damage.
The catoblepas gores you!!
Your limbs are stiffening.
There is an open door, spattered with blood here.
You see here a poisoned dart.
You hit the catoblepas.
The catoblepas is severely wounded.
The catoblepas gores you!!
* * * LOW HITPOINT WARNING * * *
The catoblepas gores you!
* * * LOW HITPOINT WARNING * * *
You have turned to stone.
The catoblepas gores you but does no damage.
The catoblepas gores you!!
* * * LOW HITPOINT WARNING * * *
The catoblepas gores you!!
You die...

##'###.###........#..#...#...#...
.......#..#....####..#####...#...
.###.##.##.#..####.#.........'...
#.##..)#..#.#................#...
###..#####.#.##.###..........#...
..#.#....#..#...............)####
#.#..##.##...###.##..+#.....)....
.......#####....Y))[.<#......)...
######.#.#.#.###@###..##########'
.....#.#..##.#.....#........)))..
.###.#.#...#.#.###.#...#########.
.'.#.'..#.#..#.#/#.#...# #.
.###.#.##..#.#.#+#.#...# #.
P...P#.##.#..#P. ..#...# #.
######..#.##.#######...#########.
.................................
###########...........###########


You could see a catoblepas.

Vanquished Creatures
  An ogre mage (D:10)
  A boulder beetle (D:10)
  4 two-headed ogres
  Nergalle (D:10)
  Pikel (D:7)
  A manticore (D:10)
  Maggie (D:9)
  Grinder (D:6)
  A hornet (D:10)
  A meliai zombie (D:10)
  A shadow (D:10)
  2 wraiths
  Sigmund (D:2)
  2 steam dragons (D:7)
  A water moccasin (Sewer)
  3 black bears
  2 ice beasts
  3 orc warriors
  A sky beast (D:5)
  3 ogres
  5 centaurs
  A lemure (D:7)
  3 phantoms
  2 elf zombies (Ossuary)
  4 kobold brigands
  2 bullfrogs
  A water moccasin zombie (D:6)
  A water moccasin skeleton (D:5)
  2 howler monkeys (D:5)
  18 wights
  A bullfrog zombie (D:5)
  3 hounds
  2 human zombies (Ossuary)
  A bullfrog skeleton (D:4)
  A centaur skeleton (D:7)
  2 centaur zombies
  7 orc priests
  A jelly (D:8)
  Jessica (D:2)
  9 orc wizards
  A hound zombie (D:5)
  2 mummies (Ossuary)
  A howler monkey zombie (D:7)
  7 adders
  2 howler monkey skeletons
  A white imp (D:6)
  2 ufetubi (D:6)
  A worm (D:3)
  The ghost of flotson the Sneak, a weakling DjDe (D:7)
  A dart slug (D:1)
  14 orcs
  3 endoplasms
  11 giant cockroaches
  A gnoll zombie (Ossuary)
  5 goblins
  7 hobgoblins
  9 jackals
  19 kobolds
  4 quokkas
  11 ball pythons
  5 bats
  4 frilled lizards
  2 goblin zombies (Ossuary)
  3 hobgoblin zombies (Ossuary)
  4 orc zombies (Ossuary)
  13 rats
  A spectral orc (D:5)
234 creatures vanquished.

Vanquished Creatures (others)
  5 plants (D:10)
5 creatures vanquished.

Grand Total: 239 creatures vanquished

Notes
Turn   | Place    | Note
-------+----------+-------------------------------------------
     0 | D:1      | SkiChan the Minotaur Fighter began the quest for the Orb.
     0 | D:1      | Reached XP level 1. HP: 19/19 MP: 0/0
   132 | D:1      | Reached XP level 2. HP: 26/27 MP: 1/1
   634 | D:1      | Reached skill level 1 in Maces & Flails
   634 | D:1      | Reached XP level 3. HP: 33/33 MP: 2/2
   701 | D:2      | Found Awnij's Jewellery Emporium.
   727 | D:2      | Found Qiceat's Armour Emporium.
   747 | D:2      | Found a faded altar of an unknown god.
   994 | D:2      | Found Kis Uxotwo's Assorted Antiques.
  1111 | D:2      | Found Buysm's Assorted Antiques.
  1185 | D:2      | Noticed Sigmund
  1186 | D:2      | Noticed Jessica
  1191 | D:2      | Killed Sigmund
  1192 | D:2      | Reached XP level 4. HP: 34/41 MP: 3/3
  1192 | D:2      | Reached XP level 5. HP: 39/47 MP: 4/4
  1202 | D:2      | Killed Jessica
  1203 | D:2      | Reached skill level 5 in Fighting
  1478 | D:3      | Noticed an ogre
  1484 | D:3      | Killed an ogre
  1485 | D:3      | Reached XP level 6. HP: 48/56 MP: 5/5
  1549 | D:3      | Found a shadowy altar of Dithmenos.
  1550 | D:3      | Found a broken altar of Ashenzari.
  1550 | D:3      | Found a hide-covered altar of Uskayaw.
  1582 | D:3      | Found a snail-covered altar of Cheibriados.
  2126 | D:4      | Found a glowing drain.
  2162 | D:4      | Identified 2 scrolls of acquirement
  2162 | D:4      | Acquired 534 gold pieces
  2164 | D:4      | Acquired a manual of Dodging
  2209 | D:4      | Found a staircase to the Ecumenical Temple.
  2223 | D:4      | Reached skill level 5 in Axes
  2386 | Temple   | Entered the Ecumenical Temple
  2575 | Temple   | Became a worshipper of Warmaster Okawaru
  2663 | D:2      | Bought a bloodstained chain mail for 237 gold pieces
  2663 | D:2      | Identified the +0 chain mail of the Soldier {Regen+ SInv}
                  | (You bought it in a shop on level 2 of the Dungeon)
  3097 | D:4      | Found a shimmering blue altar of Sif Muna.
  3184 | D:5      | Entered Level 5 of the Dungeon
  3192 | D:4      | Reached skill level 5 in Armour
  3192 | D:4      | Reached XP level 7. HP: 63/63 MP: 6/6
  3203 | D:5      | Found a glowing drain.
  3216 | Sewer    | Entered a sewer
  3280 | Sewer    | Reached skill level 5 in Shields
  3356 | D:5      | Found a shimmering altar of Xom.
  3375 | D:5      | Reached * piety under Okawaru
  3443 | D:5      | Found a burning altar of Makhleb.
  3547 | D:5      | Reached XP level 8. HP: 70/71 MP: 7/7
  3778 | D:5      | Found a basalt altar of Yredelemnul.
  3950 | D:6      | Reached ** piety under Okawaru
  3967 | D:6      | Noticed Grinder
  3975 | D:6      | Killed Grinder
  3976 | D:6      | Reached skill level 1 in Invocations
  4035 | D:6      | Found a sand-covered staircase.
  4086 | Ossuary  | Entered an ossuary
  4322 | D:2      | Bought the ring "Yhucsa" {rElec Str+6} for 797 gold pieces
  4472 | D:6      | Reached XP level 9. HP: 81/81 MP: 9/9
  4665 | D:6      | Found a blossoming altar of Fedhas.
  4679 | D:6      | Reached *** piety under Okawaru
  4680 | D:6      | Reached skill level 5 in Maces & Flails
  4878 | D:7      | Received a gift from Okawaru
  5366 | D:7      | Noticed Pikel
  5372 | D:7      | Killed Pikel
  5372 | D:7      | Reached **** piety under Okawaru
  5427 | D:7      | Noticed flotson's ghost (weakling DjDe)
  5743 | D:7      | Found a runed translucent gate.
  5743 | D:7      | Found a runed translucent gate.
  5743 | D:7      | Found a runed translucent gate.
  6048 | D:7      | Reached XP level 10. HP: 89/91 MP: 11/11
  6066 | D:7      | Killed flotson's ghost
  6276 | D:8      | Found a sparkling altar of Nemelex Xobeh.
  6725 | D:8      | Found a glowing silver altar of Zin.
  6843 | D:9      | Found a stormy altar of Qazlal.
  7314 | D:9      | Gained mutation: You tend to lose your temper in combat.
                  | [potion of mutation]
  7314 | D:9      | Gained mutation: Your flesh is heat resistant. (rF+)
                  | [potion of mutation]
  7315 | D:9      | Lost mutation: Your flesh is heat resistant. (rF+) [potion
                  | of mutation]
  7315 | D:9      | Lost mutation: You tend to lose your temper in combat.
                  | [potion of mutation]
  7315 | D:9      | Gained mutation: Your body sometimes deteriorates upon
                  | taking damage. [potion of mutation]
  7315 | D:9      | Gained mutation: Your spells are a little harder to cast,
                  | but a little more powerful. [potion of mutation]
  7315 | D:9      | Gained mutation: Your natural rate of healing is unusually
                  | fast. [potion of mutation]
  7420 | D:9      | Noticed a two-headed ogre
  7430 | D:9      | Killed a two-headed ogre
  7430 | D:9      | Reached ***** piety under Okawaru
  7431 | D:9      | Reached skill level 10 in Fighting
  7652 | D:9      | Found a glowing golden altar of the Shining One.
  7808 | D:9      | Reached skill level 10 in Axes
  7964 | D:9      | Noticed a two-headed ogre
  7967 | D:9      | Killed a two-headed ogre
  7999 | D:9      | Noticed Maggie
  8010 | D:9      | Killed Maggie
  8325 | D:10     | Entered Level 10 of the Dungeon
  8353 | D:10     | Noticed Nergalle
  8363 | D:10     | Killed Nergalle
  8423 | D:10     | Reached XP level 11. HP: 73/101 MP: 13/13
  8441 | D:10     | Noticed a two-headed ogre
  8450 | D:10     | Killed a two-headed ogre
  8556 | D:10     | Noticed a two-headed ogre
  8559 | D:10     | Killed a two-headed ogre
  8786 | D:10     | Found a white marble altar of Elyvilon.
  8930 | D:10     | Noticed a catoblepas
  8930 | D:10     | Noticed an ogre mage
  9057 | D:10     | Noticed a boulder beetle
  9059 | D:10     | Killed an ogre mage
  9059 | D:10     | Received a gift from Okawaru
  9060 | D:10     | Reached skill level 5 in Invocations
  9073 | D:10     | Killed a boulder beetle
  9073 | D:10     | Reached ****** piety under Okawaru
  9107 | D:10     | HP: 1/102 [catoblepas (14)]
  9108 | D:10     | Mangled by a catoblepas

Illustrated notes

Levels and vault maps discovered:
D:1:      lightli_arrival_statuegarden, layout_loops_cross,
          minmay_rat_gold_closets
D:2:      layout_basic, hellmonk_ecumenical_altar_crossroads, serial_shops,
          nicolae_shop_crystal, shop, shop,
          nicolae_shop_temple_entry_statues_fountains, uniq_jessica,
          uniq_sigmund
D:3:      layout_loops_ring, nicolae_overflow_quartered_altars,
          kennysheep_crisscross, minmay_fractal_squares_gapless_5
D:4:      layout_basic, nicolae_sif_muna_little_library,
          minmay_temple_entry_waves, portal_sewer_entry_b
D:5:      layout_rooms, kennysheep_mini, amcnicky_altar_gilded,
          yredelemnul_forgotten_temple_becter, portal_sewer_entry_a,
          grunt_decor_mini_mirrors, st_stairs_14, minmay_misc_feat_x
D:6:      layout_basic, fedhas_altar_2, enter_ossuary_1, uniq_grinder
D:7:      layout_basic, gammafunk_ghost_split, uniq_pikel
D:8:      layout_rooms, old_standard_altar, mainiacjoe_overflow_surrounded_room
D:9:      layout_gridville, mainiacjoe_overflow_cross_hatched, tso_metal_star,
          uniq_maggie
D:10:     layout_irregular_city, mainiacjoe_overflow_chevrons,
          minmay_shattered_shrine, uniq_nergalle
Temple:   corrupted_temple

Skill      XL: |  1  2  3  4  5  6  7  8  9 10 11 |
---------------+----------------------------------+-----
Fighting       | 4 5 6 8 9 10 11 | 11.4
Axes           | 3 4 5 6 7 9 10 11 | 11.2
Maces & Flails | 1 2 3 4 6 7 |  7.6
Armour         | 4 5 6 7 8 9 |  9.5
Shields        | 4 5 6 7 8 |  8.5
Invocations    | 2 3 4 5 |  5.2

Action                   |  1- 3 |  4- 6 |  7- 9 | 10-12 || total
-------------------------+-------+-------+-------+-------++-------
Melee: War axe           |    80 |    97 |   182 |       ||   359
       Headbutt          |     6 |    12 |    54 |    30 ||   102
       Battleaxe         |       |       |    51 |   146 ||   197
Throw: Dart              |       |       |       |     1 ||     1
  Use: Scroll            |       |     7 |     6 |     5 ||    18
       Potion            |       |       |       |     5 ||     5
 Stab: Petrified         |       |       |       |     2 ||     2
Armor: Scale mail        |    35 |    29 |       |       ||    64
       Chain mail        |       |    18 |    94 |       ||   112
       Plate armour      |       |       |    31 |    94 ||   125
Dodge: Dodged            |    20 |    33 |    71 |    83 ||   207
Block: Kite shield       |    35 |    42 |   108 |       ||   185

Table legend: (Time is in decaauts)
 A = Elapsed time spent in this place.
 B = Non-inter-level travel time spent in this place.
 C = Inter-level travel time spent in this place.
 D = Time resting spent in this place.
 E = Time spent auto-exploring this place.
 F = Levels seen in this place.
 G = Mean time per level.
                   A        B        C        D        E       F      G
               +--------+--------+--------+--------+--------+-----+--------+
         Total |   9311 |   8838 |    473 |   1427 |   5791 |  13 |  716.2 |
       Dungeon |   8810 |   8368 |    442 |   1288 |   5618 |  10 |  881.0 |
        Temple |    205 |    174 |     31 |    139 |     34 |   1 |  205.0 |
         Sewer |    130 |    130 |      0 |      0 |     52 |   1 |  130.0 |
       Ossuary |    164 |    164 |      0 |      0 |     86 |   1 |  164.0 |
               +--------+--------+--------+--------+--------+-----+--------+

Top non-repeatable levels by time:
     D:9: 1613 daAuts
     D:7: 1266 daAuts
     D:2: 824 daAuts
     D:4: 806 daAuts
     D:3: 760 daAuts
     D:1: 735 daAuts
     D:5: 727 daAuts
     D:8: 709 daAuts
     D:6: 683 daAuts
    D:10: 682 daAuts
  Temple: 205 daAuts
 Ossuary: 164 daAuts
   Sewer: 130 daAuts
